 Dungeon Crawl Stone Soup version 0.26-a0-949-ga0cc1ef5f6 (webtiles) character file.

Game seed: 7916394827576203283

760444 dolemite99 the Evocator (level 27, -2/273 HPs)
             Began as a Deep Dwarf Fighter on Nov 28, 2020.
             Was an Elder of Makhleb.
             Killed from afar by an orb of fire (58 damage)
             ... with a fireball
             ... on level 5 of the Realm of Zot.
             The game lasted 04:08:40 (88679 turns).

dolemite99 the Evocator (Deep Dwarf Fighter)       Turns: 88679, Time: 04:08:41

Health: -2/273     AC: 40    Str: 33 (34) XL:     27
Magic:  14/14      EV: 16    Int: 15      God:    Makhleb [****..]
Gold:   1575       SH:  0    Dex: 12      Spells: 18/38 levels left

rFire    . . .     SeeInvis +   a - +7 battleaxe (flame)
rCold    + . .     Faith    +   (shield currently unavailable)
rNeg     + + .     Spirit   .   X - +10 plate armour {MR+}
rPois    +         Reflect  .   (helmet restricted)
rElec    .         Harm     .   r - +2 cloak
rCorr    .         Rampage  .   f - +2 pair of gloves {archery}
MR       +++++                  Y - +2 pair of boots
Stlth    ..........             k - amulet of faith
HPRegen  0.00/turn              B - ring of Dodopp {rPois rC+ Str+7}
MPRegen  0.14/turn              D - ring of Traps {rN+ Slay+3 SInv}

@: about to teleport, non-regenerating
A: damage resistance, heal wounds, antennae 1, claws 1, deterioration 1,
negative energy resistance 1, sense surroundings 3, subdued magic 1, no
regeneration
}: 4/15 runes: decaying, serpentine, slimy, silver
a: Heal Wounds, Minor Destruction, Lesser Servant of Makhleb, Major Destruction,
Renounce Religion


You were on level 5 of the Realm of Zot.
You worshipped Makhleb.
Makhleb was greatly pleased with you.
You visited 13 branches of the dungeon, and saw 59 of its levels.
You visited 1 bazaar.
You visited 1 ziggurat, and saw 7 of its levels.
You also visited: Gauntlet and Wizlab.

You collected 12422 gold pieces.
You spent 10847 gold pieces at shops.

Inventory:

Hand Weapons
 a - a +7 battleaxe of flaming (weapon)
 b - a +8 arbalest
 i - a +3 great mace of holy wrath
Missiles
 p - 1712 bolts
Armour
 f - a +2 pair of gloves of archery (worn)
 o - a +0 helmet of intelligence
 r - a +2 cloak (worn)
 x - the +4 dragonskin cloak
   (You took it off Tiamat on level 4 of the Realm of Zot)
 X - a +10 plate armour of magic resistance (worn)
 Y - a +2 pair of boots (worn)
Magical Staves
 s - an uncursed staff of air
Jewellery
 k - an amulet of faith (around neck)
 t - a +6 ring of strength
 A - an uncursed ring of protection from cold
 B - the ring of Dodopp (left hand) {rPois rC+ Str+7}
   (You bought it in a shop on level 1 of the Vaults)

   [ring of protection from cold]

   It affects your strength (+7).
   It protects you from cold.
   It protects you from poison.
 D - the ring of Traps (right hand) {rN+ Slay+3 SInv}
   (You acquired it on level 1 of the Snake Pit)

   [ring of positive energy]

   It affects your accuracy and damage with ranged weapons and melee attacks
   (+3).
   It protects you from negative energy.
   It lets you see invisible.
 M - the ring "Yvoclos" {rPois rF+ rCorr Int+4}
   (You found it on level 5 of the Pits of Slime)

   [ring of resist corrosion]

   It affects your intelligence (+4).
   It protects you from fire.
   It protects you from poison.
   It provides partial protection from all sources of acid and corrosion.
 S - the amulet of Pride {Acrobat Dex+9}
   (You took it off an ironbrand convoker on level 5 of the Vaults)

   [amulet of the acrobat]

   It helps you evade while moving and waiting.
   It affects your dexterity (+9).
 U - an uncursed ring of resist corrosion
 W - an uncursed ring of positive energy
Wands
 j - a wand of digging (23)
 w - a wand of paralysis (49)
 I - a wand of polymorph (23)
 P - a wand of iceblast (25)
 Q - a wand of enslavement (13)
 R - a wand of disintegration (24)
Scrolls
 g - 4 scrolls of identify {@r1}
 h - 3 scrolls of silence
 q - 22 scrolls of remove curse {@r2}
 y - 3 scrolls of magic mapping
 F - 17 scrolls of teleportation
 H - a scroll of blinking
 O - 2 scrolls of fog
 T - 13 scrolls of amnesia
Potions
 l - 3 potions of magic
 m - 19 potions of curing
 u - 8 potions of berserk rage
 z - a potion of invisibility
 C - a potion of cancellation
 E - 9 potions of flight
 G - 12 potions of attraction
 N - 18 potions of brilliance
 V - 8 potions of mutation
Miscellaneous
 c - a tin of tremorstones (2/2) (quivered)
 d - a box of beasts (inert)
 e - a phantom mirror (inert)
 n - the horn of Geryon (inert)
 v - a lightning rod (4/4)
 J - a condenser vane (inert)
 K - a phial of floods (inert)


   Skills:
 + Level 21.2 Fighting
 - Level 18.9(21.6) Axes
 - Level 17.2(20.0) Maces & Flails
 - Level 18.7 Crossbows
 - Level 20.0 Armour
 - Level 14.8 Dodging
 - Level 3.3 Shields
 - Level 6.0 Spellcasting
 - Level 9.8 Hexes
 - Level 10.2 Necromancy
 - Level 10.4 Translocations
 - Level 3.7 Transmutations
 - Level 18.9 Invocations
 - Level 25.6 Evocations


You had 18 spell levels left.
You knew the following spells:

 Your Spells              Type           Power        Failure   Level
a - Portal Projectile     Hex/Tloc       ####..       1%          3
b - Wereblood             Tmut           ##......     14%         2
c - Dazzling Flash        Conj/Hex       ##....       19%         3
d - Vampiric Draining     Necr           ####......   1%          3
e - Apportation           Tloc           ####..       1%          1
f - Animate Dead          Necr           ####......   7%          4
g - Corona                Hex            ####...      1%          1
s - Animate Skeleton      Necr           ####..       1%          1
z - Blink                 Tloc           N/A          1%          2

Your spell library contained the following spells:

 Spells                   Type           Power        Failure   Level
 Pain                     Necr           ####         1%          1
 Slow                     Hex            ####....     1%          2
 Sublimation of Blood     Necr           ####......   1%          2
 Confusing Touch          Hex            ####....     1%          3
 Gell's Gravitas          Tloc           ####......   1%          3
 Lesser Beckoning         Tloc           ####......   1%          3
 Tukima's Dance           Hex            ####....     1%          3
 Dispel Undead            Necr           ####....     7%          4
 Corpse Rot               Necr/Air       N/A          8%          2
 Cause Fear               Hex            ####......   8%          4
 Ensorcelled Hibernation  Hex/Ice        ##....       9%          2
 Beastly Appendage        Tmut           ##....       10%         1
 Inner Flame              Hex/Fire       ##......     19%         3
 Summon Guardian Golem    Hex/Summ       ##......     19%         3
 Agony                    Necr           ####....     19%         5
 Excruciating Wounds      Necr           ####......   19%         5
 Sting                    Tmut/Pois      #...         22%         1
 Foxfire                  Conj/Fire      #...         43%         1
 Freeze                   Ice            #...         43%         1
 Magic Dart               Conj           #...         43%         1
 Shock                    Conj/Air       #...         43%         1
 Summon Small Mammal      Summ           #...         43%         1
 Leda's Liquefaction      Hex/Erth       ##........   52%         4
 Spider Form              Tmut/Pois      #.........   54%         3
 Call Imp                 Summ           #.......     58%         2
 Poisonous Vapours        Pois/Air       #.....       58%         2
 Ignite Poison            Fire/Tmut/Pois #.......     63%         3
 Yara's Violent Unravell  Hex/Tmut       ###.......   63%         5
 Dispersal                Tloc           ####......   71%         6
 Death Channel            Necr           ####......   73%         6
 Invisibility             Hex            ####....     78%         6
 Call Canine Familiar     Summ           #.......     82%         3
 Conjure Flame            Conj/Fire      #.......     82%         3
 Frozen Ramparts          Ice            #.....       82%         3
 Mephitic Cloud           Conj/Pois/Air  #.......     82%         3
 Ozocubu's Armour         Ice            #.......     82%         3
 Static Discharge         Conj/Air       #.......     82%         3
 Stone Arrow              Conj/Erth      #.....       82%         3
 Summon Forest            Summ/Tloc      ###.......   85%         5
 Borgnjor's Vile Clutch   Necr/Erth      ###.......   86%         5
 Metabolic Englaciation   Hex/Ice        ##........   87%         5
 Silence                  Hex/Air        ##........   87%         5
 Ice Form                 Ice/Tmut       #.......     92%         4
 Petrify                  Tmut/Erth      #.......     92%         4
 Blade Hands              Tmut           ##........   96%         5
 Airstrike                Air            #.........   99%         4
 Hailstorm                Conj/Ice       #.......     99%         4
 Olgreb's Toxic Radiance  Pois           #.......     99%         4
 Sticky Flame             Conj/Fire      #.......     99%         4
 Summon Ice Beast         Ice/Summ       #.......     99%         4
 Summon Lightning Spire   Summ/Air       #.......     99%         4
 Alistair's Intoxication  Tmut/Pois      #........    100%        5
 Bolt of Magma            Conj/Fire/Erth #.........   100%        5
 Fireball                 Conj/Fire      #.........   100%        5
 Iskenderun's Battlesphe  Conj           #.......     100%        5
 Lightning Bolt           Conj/Air       #.........   100%        5
 Conjure Ball Lightning   Conj/Air       #.........   100%        6
 Eringya's Noxious Bog    Tmut/Pois      #.........   100%        6
 Freezing Cloud           Conj/Ice/Air   #.........   100%        6
 Hydra Form               Tmut           ##........   100%        6
 Iron Shot                Conj/Erth      #.........   100%        6
 Ozocubu's Refrigeration  Ice            #.........   100%        6
 Shadow Creatures         Summ           N/A          100%        6
 Simulacrum               Ice/Necr       ###.......   100%        6
 Starburst                Conj/Fire      #.........   100%        6
 Statue Form              Tmut/Erth      #........    100%        6
 Orb of Destruction       Conj           #.........   100%        7
 Spellforged Servitor     Conj/Summ      #.........   100%        7
 Summon Hydra             Summ           #.........   100%        7
 Discord                  Hex            ####......   100%        8
 Disjunction              Tloc           ####......   100%        8
 Ignition                 Fire           #.........   100%        8
 Infestation              Necr           ####......   100%        8
 Shatter                  Erth           #.........   100%        9
 Tornado                  Air            #.........   100%        9


Dungeon Overview and Level Annotations

Branches:
Dungeon (15/15)            Temple (1/1) D:7            Lair (6/6) D:11
  Swamp (4/4) Lair:4        Snake (4/4) Lair:3        Slime (5/5) Lair:5
    Orc (2/2) D:11            Elf (3/3) Orc:2        Vaults (5/5) D:13
  Crypt (3/3) Vaults:2       Tomb (0/3) Crypt:3      Depths (5/5) D:15
   Hell (visited)             Dis (0/7) Hell            Geh (0/7) Hell
    Coc (0/7) Hell            Tar (0/7) Hell            Zot (5/5) Depths:5
 WizLab (visited)         Gauntlet (visited)

Altars:
Ashenzari
Cheibriados
Dithmenos
Elyvilon
Fedhas
Gozag
Hepliaklqana
Kikubaaqudgha
Makhleb
Nemelex Xobeh
Okawaru
Qazlal
Ru
Sif Muna
Trog
Uskayaw
Vehumet
Wu Jian
Xom
Yredelemnul
Zin
The Shining One
Beogh

Shops:
D:13 (   Orc:1 ((   Orc:2 }((   Snake:1 *}   Snake:2 =}}   Vaults:1 (=
Vaults:2 (   Vaults:3 (   Vaults:4 !   Depths:1 (*[

Portals:
Hell: Depths:1 Depths:2 Depths:3 Depths:4 Depths:5
Abyss: Depths:3 Depths:4
Pandemonium: Depths:3 Depths:5
Trove: D:14 (give +5 ice dragon scales)

Annotations:
D:9 exclusion: downstairs
D:12 1 runed translucent door
Lair:1 exclusion: oklob plant
Elf:2 3 runed translucent doors
Crypt:1 1 transporter
Zot:2 1 runed translucent door, Ziafacos's ghost, legendary GnFE
Zot:5 2 transporters, ardl's ghost, legendary BaIE


Innate Abilities, Weirdness & Mutations

You are resistant to damage.
You can heal yourself by infusing magical energy.
You resist negative energy. (rN+)
You passively map a large area around you.
You do not regenerate.
You have a pair of small antennae on your head.
You have sharp fingernails.
Your body sometimes deteriorates upon taking damage.
Your spells are a little easier to cast, but a little less powerful.


Message History

The Killer Klown pies you viciously!
The klown pie hits you but does no damage.
You feel better.
As you read the scroll of fog, it crumbles to dust.
The scroll dissolves into smoke.
Casting: Blink (safe; 1% risk of failure)
Confirm with . or Enter, or press ? or * to list all spells.
You blink.
The Killer Klown pies you viciously! The klown pie misses you.
The reaper closely misses you.
Casting: Blink (safe; 1% risk of failure)
Confirm with . or Enter, or press ? or * to list all spells.
You blink.
The orb of fire glows deep purple.
The bolt of fire misses you.
The Killer Klown blinks!
You feel better.
The Killer Klown blinks!
Magic courses through your body.
The orb of fire glows yellow.
The fireball explodes!
The fireball engulfs you!!!
You die...

.....<............###........#
.###.........................#
########▓▓▓▓################▓▓
.......# ##.......^......##
......## ##....^...........##
......# ##..§..p............##
.....## #.§...§§.............#
.....# #.§.§§.§............^#
.....## #...L§§@...........^.#
....).# #....*§....^..^......#
......## #..^...§.............#
.......###.§.§2§(.............#
#####.^^###.§§§§......§......##
##....##§§§§.........(..##
###^.§§§§§§.^......(..##
#▓▓▓▓▓▓▓▓▓▓▓##.?..^▓▓
****,,.^.....{.....▓*


You could see an orb of fire and a reaper (summoned).

Vanquished Creatures
  the Royal Jelly (Slime:5)
  Tiamat (Zot:4)
  A pandemonium lord (Depths:2)
  Mara (Vaults:4)
  2 orbs of fire (Zot:5)
  2 juggernauts
  4 ancient liches
  The ghost of SlowGraham the Acrobat, a legendary KoMo of Trog (Vaults:4)
  Boris (Crypt:2)
  Bai Suzhen (Swamp:3)
  Frederick (Vaults:5)
  A Killer Klown (Depths:2)
  Saint Roka (Depths:4)
  3 curse toes
  Geryon (Hell)
  17 golden dragons
  An electric golem (Zot:5)
  2 bone dragons
  21 tentacled monstrosities
  11 Orb Guardians (Zot:5)
  5 liches
  8 titans
  The ghost of Umauzatz the Tortoise, an adept FoFi of Cheibriados (Snake:2)
  Murray (Hell)
  9 quicksilver dragons
  17 death cobs
  8 ancient champions
  9 sphinxes
  18 acid blobs
  3 thorn hunters
  9 tengu reavers
  6 storm dragons
  A fenstrider witch (Swamp:1)
  7 nagarajas
  14 azure jellies
  5 draconian monks
  8 shadow dragons
  Roxanne (Snake:4)
  2 revenants
  4 iron dragons
  17 fire giants
  14 frost giants
  3 draconian knights
  6 deep elf sorcerers
  15 vault wardens
  2 orc warlords
  2 balrugs (Hell)
  A draconian annihilator (Zot:5)
  A cacodemon (Hell)
  5 ghost moths
  4 draconian scorchers
  6 ghouls
  3 draconian stormcallers
  A draconian shifter (Zot:1)
  3 reapers (Hell)
  A caustic shrike skeleton (Crypt:3)
  18 ironheart preservers
  24 very ugly things
  14 green draconians
  8 war gargoyles
  2 entropy weavers
  19 stone giants
  7 vampire knights
  6 deep elf demonologists
  8 deep elf annihilators
  6 black draconians
  9 yellow draconians
  10 red draconians
  Azrael (D:15)
  A dire elephant (Lair:6)
  A spark wasp (shapeshifter) (Depths:3)
  2 bunyips
  6 purple draconians
  8 white draconians
  4 spark wasps (Depths:5)
  6 deep elf death magi
  5 blizzard demons (Hell)
  9 ettins
  2 shambling mangroves
  15 crystal guardians
  4 eleionomae
  19 yaktaur captains
  13 jiangshi
  10 fire dragons
  6 death oozes (Slime:5)
  14 great orbs of eyes
  A deep elf high priest (Elf:3)
  26 vault guards
  6 rakshasas
  Harold (D:7)
  8 ice dragons
  31 hydras
  A quicksilver dragon skeleton (Crypt:3)
  17 naga warriors
  5 spriggan air magi
  23 anacondas
  10 boulder beetles
  A merfolk avatar (Zig:1)
  An anaconda (shapeshifter) (Zig:5)
  6 death knights
  2 catoblepae (shapeshifter) (Depths:3)
  8 centaur warriors
  23 two-headed ogres
  13 alligators
  13 ogre magi
  3 tengu warriors (Depths:2)
  4 deep troll earth magi
  25 dancing weapons
  13 death yaks
  4 vampire magi
  5 spriggan berserkers
  8 deep troll shamans
  18 naga sharpshooters
  3 hell hogs (Hell)
  An iron golem (Hell)
  5 orc high priests (Orc:2)
  8 sun demons (Hell)
  Nergalle (Lair:2)
  11 deep elf knights
  7 shock serpents
  8 iron trolls
  6 hell knights
  4 soul eaters
  A shadow wraith (Crypt:2)
  5 titan skeletons (Crypt:3)
  33 skeletal warriors
  2 salamander mystics
  A sixfirhy (Hell)
  4 goliath frogs
  3 spriggan druids
  7 flayed ghosts
  A death drake (Lair:3)
  A sea snake (shapeshifter) (Depths:4)
  A golden dragon skeleton (Crypt:3)
  A goliath frog (shapeshifter) (Depths:3)
  An anaconda zombie (Crypt:2)
  A golden dragon zombie (Depths:4)
  28 deep trolls
  6 glowing orange brains
  2 storm dragon skeletons (Crypt:3)
  3 unseen horrors
  3 wizards
  7 naga ritualists
  A tengu zombie (Depths:4)
  4 obsidian statues
  Pikel (D:7)
  15 deep elf archers
  13 orc knights
  15 swamp dragons
  An anaconda skeleton (Crypt:3)
  6 phantasmal warriors
  2 harpies (shapeshifter)
  8 bog bodies
  9 necromancers
  8 harpies
  12 ironbrand convokers
  2 orb spiders (Zig:4)
  A sphinx zombie (Depths:4)
  58 deep elf magi
  A stone giant zombie (Crypt:2)
  2 lindwurms (Lair:6)
  2 oklob plants (Depths:2)
  A shadow dragon skeleton (Depths:4)
  5 wolf spiders
  6 mana vipers
  A draconian (Zot:1)
  5 shining eyes
  7 salamanders
  6 manticores
  2 orc sorcerers
  A wolf spider (shapeshifter) (Depths:3)
  40 ugly things
  4 will-o-the-wisps
  5 cyclopes
  A faun (Snake:4)
  5 rust devils (Hell)
  2 manticores (shapeshifter)
  A faun (shapeshifter) (Depths:3)
  21 moths of wrath
  6 elephants
  14 vault sentinels
  32 black mambas
  A salamander (shapeshifter) (Depths:3)
  A fire giant skeleton (Crypt:3)
  2 guardian serpents (shapeshifter)
  14 guardian serpents
  An ice statue (Hell)
  A black mamba (shapeshifter) (Depths:1)
  A stone giant skeleton (Crypt:3)
  A smoke demon (Hell)
  16 naga magi
  An eye of devastation (Slime:5)
  An alligator snapping turtle zombie (Crypt:3)
  Maggie (D:7)
  4 gargoyles
  14 cane toads
  6 torpor snails (Lair:6)
  12 komodo dragons
  A dire elephant skeleton (Crypt:3)
  A rime drake (Lair:3)
  A yaktaur (shapeshifter) (Vaults:4)
  2 demonic crawlers (Hell)
  A tormentor (Hell)
  An efreet (D:13)
  A golden dragon simulacrum (Crypt:2)
  A red devil (Hell)
  66 yaktaurs
  A death yak skeleton (Crypt:2)
  4 freezing wraiths
  6 ice devils (Hell)
  A queen ant zombie (Crypt:2)
  An iron troll skeleton (Crypt:3)
  7 polar bears (Lair:6)
  A hydra zombie (Hell)
  10 trolls
  A jumping spider (Vaults:3)
  A queen bee (Lair:3)
  A troll (shapeshifter) (Depths:1)
  A meliai (shapeshifter) (Depths:4)
  Grinder (D:4)
  A hydra skeleton (Hell)
  19 hornets
  2 raiju (Lair:6)
  An alligator zombie (Hell)
  11 tyrant leeches
  A hornet (shapeshifter) (Elf:1)
  3 wind drakes (Depths:3)
  16 blink frogs
  A fire dragon zombie (Crypt:1)
  80 slime creatures
  A slime creature (shapeshifter) (Vaults:5)
  2 human simulacra
  7 air elementals
  A dream sheep (Snake:1)
  9 flying skulls
  12 spriggans
  A spriggan (shapeshifter) (Vaults:1)
  3 shadows
  5 redbacks
  11 wyverns
  2 ice dragon skeletons (Crypt:3)
  12 wraiths
  A tarantella (Zig:4)
  An ettin skeleton (Crypt:3)
  3 vampires (WizLab)
  A yak (shapeshifter) (Depths:4)
  4 water elementals
  35 yaks
  19 fire elementals
  12 basilisks
  A basilisk (shapeshifter) (Vaults:2)
  A golden eye (shapeshifter) (Depths:3)
  5 vampire mosquitoes (Swamp:1)
  2 black mamba skeletons (Crypt:3)
  13 golden eyes
  A yaktaur simulacrum (Vaults:2)
  53 nagas
  An elf skeleton (Depths:4)
  A two-headed ogre zombie (WizLab)
  2 acid dragons
  2 insubstantial wisps (Depths:3)
  18 wargs
  A soldier ant (D:11)
  9 swamp worms
  22 water moccasins
  Duvessa (D:4)
  18 hell hounds
  A hydra simulacrum (Hell)
  Purgy (D:3)
  3 ice beasts
  9 swamp drakes
  A cane toad skeleton (Hell)
  31 orc warriors
  9 eyes of draining
  5 necrophages
  9 black bears
  4 phantoms
  3 sky beasts
  A blink frog zombie (Crypt:3)
  A hornet zombie (D:14)
  35 ogres
  11 boggarts
  An ogre (shapeshifter) (Depths:3)
  3 snapping turtle skeletons (Crypt:3)
  22 wolves
  25 centaurs
  2 swamp dragon skeletons
  A centaur (shapeshifter) (Depths:3)
  2 lemures (D:7)
  Blork the orc (D:4)
  A big kobold (D:10)
  A wyvern zombie (D:6)
  12 earth elementals
  23 bullfrogs
  A palentonga skeleton (Crypt:2)
  A cane toad simulacrum (Hell)
  3 human skeletons
  Dowan (D:4)
  A wyvern skeleton (D:12)
  4 troll zombies (WizLab)
  A shapeshifter zombie (Crypt:3)
  3 scorpions
  27 killer bees
  An electric eel (Lair:4)
  24 wights
  A troll skeleton (Crypt:2)
  3 bullfrog zombies
  6 centaur skeletons
  20 jellies
  26 orc priests
  7 hounds
  A bullfrog skeleton (D:8)
  3 iron imps
  6 iguanas
  Terence (D:2)
  13 orc wizards
  11 worker ants
  A killer bee zombie (D:8)
  A deep dwarf zombie (Crypt:2)
  3 ogre zombies (WizLab)
  A demigod zombie (Crypt:2)
  3 hound zombies
  2 hound skeletons
  A worker ant zombie (D:8)
  Robin (D:4)
  4 gnolls (D:3)
  8 adders
  A river rat (Lair:3)
  2 white imps (D:8)
  3 ufetubi
  2 oozes (D:3)
  An adder zombie (D:7)
  An adder skeleton (D:5)
  A lava snake skeleton (Crypt:2)
  2 worms (D:3)
  5 ball lightnings (Depths:3)
  A dart slug (D:3)
  2 leopard geckos
  96 orcs
  6 bats
  A giant cockroach (D:3)
  15 goblins
  11 hobgoblins
  13 jackals
  21 kobolds
  2 quokkas
  A ball python (D:7)
  2 frilled lizards (D:1)
  A frilled lizard zombie (Crypt:2)
  An orc zombie (Crypt:3)
  A quokka skeleton (D:6)
  11 rats
  4 crawling corpses
2549 creatures vanquished.

Vanquished Creatures (collateral kills)
  4 ancient liches
  Mennas (Vaults:4)
  2 Killer Klowns (Zot:5)
  3 curse toes
  A golden dragon (Zot:1)
  A hellephant (Zig:6)
  A lich (Vaults:3)
  A deep elf master archer (Elf:3)
  3 acid blobs (Slime:5)
  An ancient champion (WizLab)
  A thorn hunter (Swamp:4)
  4 death cobs
  3 storm dragons
  2 tengu reavers
  An azure jelly (Slime:5)
  Kirke (Swamp:3)
  A shadow dragon (Zot:2)
  A draconian monk (Depths:5)
  A draconian scorcher (Zot:4)
  A vault warden (Vaults:5)
  An iron dragon (Vaults:5)
  A fire giant (Vaults:3)
  A draconian knight (Zot:4)
  7 deep elf sorcerers
  A deep elf elementalist (Elf:3)
  Aizul (Snake:4)
  4 draconian annihilators
  An entropy weaver (Vaults:2)
  A draconian stormcaller (Zot:5)
  A war gargoyle (Vaults:5)
  A stone giant (Vaults:3)
  A caustic shrike skeleton (Crypt:3)
  3 very ugly things
  A stone giant (shapeshifter) (Zig:7)
  A green draconian (Zot:2)
  A deep elf demonologist (Elf:3)
  2 black draconians
  A deep elf annihilator (Elf:3)
  2 purple draconians
  3 yellow draconians
  2 dire elephants
  4 white draconians
  An ettin (Vaults:5)
  2 eleionomae (Swamp:3)
  A death ooze (Slime:5)
  2 yaktaur captains
  4 deep elf high priests
  2 fire dragons
  An ice dragon (Depths:5)
  2 boulder beetles (Lair:6)
  5 hydras
  A catoblepas (Lair:5)
  2 anacondas (Snake:4)
  2 ogre magi
  3 two-headed ogres (Vaults:2)
  A death knight (Vaults:4)
  A tengu warrior (Depths:4)
  An orc high priest (Orc:2)
  2 alligators (Swamp:2)
  4 death yaks
  A naga sharpshooter (Snake:3)
  A shock serpent (Snake:4)
  A soul eater (Crypt:3)
  An iron troll (Depths:4)
  2 deep elf knights
  9 skeletal warriors
  A hell knight (Hell)
  2 titan skeletons (Crypt:3)
  A shadow demon (Vaults:4)
  2 deep trolls (Vaults:3)
  3 flayed ghosts
  A lindwurm (Lair:6)
  2 swamp dragons
  An ironbrand convoker (Vaults:3)
  2 orc knights
  4 deep elf archers
  A mana viper (Snake:1)
  2 phantasmal warriors
  An orc sorcerer (Depths:4)
  3 deep elf magi
  2 ugly things (Vaults:3)
  A salamander (D:15)
  2 moths of wrath
  An elephant (Zig:6)
  A rust devil (D:12)
  2 naga magi
  A vault sentinel (Vaults:3)
  2 black mambas
  A guardian serpent (Snake:4)
  3 cane toads
  A catoblepas zombie (Crypt:3)
  2 freezing wraiths (Vaults:3)
  4 yaktaurs
  A rime drake (Lair:6)
  A komodo dragon (Zig:6)
  3 hornets
  2 polar bears (Lair:6)
  2 tyrant leeches
  2 hydra skeletons (Hell)
  A raiju (Lair:6)
  12 slime creatures
  6 blink frogs
  A dream sheep (Zig:6)
  2 spriggans
  A vampire (WizLab)
  A yak (Lair:6)
  A wyvern (D:12)
  A basilisk (Lair:6)
  4 hogs (Swamp:3)
  3 water elementals
  A steam dragon (Lair:3)
  A vampire mosquito (Swamp:1)
  4 two-headed ogre zombies (WizLab)
  A soldier ant (D:13)
  A swamp worm (Swamp:2)
  A warg (Orc:2)
  2 nagas (Snake:1)
  8 hell hounds
  4 water moccasins (Lair:2)
  A two-headed ogre skeleton (Crypt:3)
  7 orc warriors
  4 black bears (Lair:6)
  6 wolves
  5 ogres
  A centaur (D:13)
  A manticore skeleton (Crypt:3)
  2 bullfrogs (Lair:5)
  A troll zombie (WizLab)
  9 killer bees
  5 wights
  13 orc priests (Orc:2)
  3 orc wizards
  4 ogre zombies (WizLab)
  20 orcs
  A quokka (D:12)
  A crawling corpse (Elf:3)
327 creatures vanquished.

Vanquished Creatures (others)
  An eldritch tentacle (Zot:5)
  A frost giant (Depths:4)
  A draconian scorcher (Zot:3)
  A ghost moth (Zot:3)
  2 very ugly things (Depths:3)
  A red draconian (Zot:5)
  A blizzard demon (Depths:3)
  A hydra (Swamp:1)
  An alligator (Swamp:4)
  A two-headed ogre (Vaults:5)
  A hell hog (Hell)
  A naga sharpshooter (Snake:4)
  A goliath frog (Swamp:4)
  2 necromancers (Hell)
  An ugly thing (Depths:5)
  A molten gargoyle (Depths:3)
  A bloated husk (Swamp:1)
  5 water elementals
  A swamp drake (Swamp:4)
  A killer bee (Lair:3)
  An orc wizard (D:12)
  A worker ant (D:12)
  4 ball lightnings (Depths:3)
  An orc (Depths:4)
  5 briar patches (Swamp:4)
  38 foxfires
  21 fungi
  88 plants
185 creatures vanquished.

Grand Total: 3061 creatures vanquished

Notes
Turn   | Place    | Note
-------+----------+-------------------------------------------
     0 | D:1      | dolemite99 the Deep Dwarf Fighter began the quest for the
                  | Orb.
     0 | D:1      | Reached XP level 1. HP: 20/20 MP: 1/1
    43 | D:1      | Reached skill level 1 in Maces & Flails
   130 | D:1      | Reached XP level 2. HP: 21/27 MP: 2/2
   879 | D:1      | Reached XP level 3. HP: 21/33 MP: 3/3
  1559 | D:2      | Found a shadowy altar of Dithmenos.
  1656 | D:2      | Noticed Terence
  1666 | D:2      | Killed Terence
  1667 | D:2      | Reached XP level 4. HP: 22/40 MP: 4/4
  2653 | D:3      | Noticed Purgy
  2668 | D:3      | Killed Purgy
  2669 | D:3      | Reached skill level 5 in Maces & Flails
  2669 | D:3      | Reached XP level 5. HP: 20/46 MP: 5/5
  3258 | D:3      | Reached XP level 6. HP: 43/55 MP: 6/6
  3723 | D:4      | Noticed Robin
  3746 | D:4      | Killed Robin
  3858 | D:4      | Noticed Blork the orc
  3904 | D:4      | Killed Blork the orc
  4156 | D:4      | Noticed Grinder
  4158 | D:4      | Paralysed by Grinder for 2 turns
  4167 | D:4      | Killed Grinder
  4168 | D:4      | Reached XP level 7. HP: 35/61 MP: 7/7
  4343 | D:4      | Found an iron altar of Okawaru.
  4493 | D:4      | Noticed Dowan
  4494 | D:4      | Noticed Duvessa
  4511 | D:4      | Killed Duvessa
  4529 | D:4      | Killed Dowan
  5214 | D:5      | Entered Level 5 of the Dungeon
  5307 | D:5      | Reached XP level 8. HP: 25/68 MP: 8/8
  6424 | D:6      | Reached skill level 5 in Fighting
  7368 | D:7      | Gained mutation: You passively map the area around you.
                  | [Deep Dwarf growth]
  7368 | D:7      | Reached XP level 9. HP: 68/84 MP: 9/9
  7575 | D:7      | Noticed Maggie
  7596 | D:7      | Killed Maggie
  7639 | D:7      | Noticed Pikel
  7666 | D:7      | Killed Pikel
  7855 | D:7      | Reached skill level 1 in Dodging
  7890 | D:7      | Noticed Harold
  7917 | D:7      | Killed Harold
  7932 | D:7      | Reached XP level 10. HP: 47/97 MP: 10/10
  8216 | D:7      | Found a staircase to the Ecumenical Temple.
  8224 | Temple   | Entered the Ecumenical Temple
  8272 | Temple   | Became a worshipper of Makhleb the Destroyer
  8757 | D:8      | Reached skill level 5 in Armour
  8905 | D:8      | Reached * piety under Makhleb
  9961 | D:9      | Found a bloodstained altar of Trog.
  9963 | D:9      | Found a shimmering altar of Xom.
  9963 | D:9      | Found a bloodstained altar of Trog.
  9965 | D:9      | Found a shimmering altar of Xom.
  9965 | D:9      | Found a shimmering altar of Xom.
  9965 | D:9      | Found a shimmering altar of Xom.
 10103 | D:10     | Entered Level 10 of the Dungeon
 10605 | D:10     | Noticed a two-headed ogre
 10622 | D:10     | Killed a two-headed ogre
 10646 | D:10     | Reached skill level 10 in Fighting
 10801 | D:10     | Reached ** piety under Makhleb
 10802 | D:10     | Reached skill level 10 in Maces & Flails
 10831 | D:10     | Killed an unseen horror
 10832 | D:10     | Reached XP level 11. HP: 49/108 MP: 10/10
 11879 | D:11     | Noticed a two-headed ogre
 11891 | D:11     | Killed a two-headed ogre
 11905 | D:11     | Found a staircase to the Lair.
 11987 | D:11     | Reached skill level 5 in Crossbows
 12019 | D:11     | Noticed a two-headed ogre
 12030 | D:11     | Killed a two-headed ogre
 12058 | D:11     | Reached *** piety under Makhleb
 12331 | D:11     | Found a staircase to the Orcish Mines.
 12333 | D:11     | Noticed a two-headed ogre
 12344 | D:11     | Killed a two-headed ogre
 12655 | Lair:1   | Entered Level 1 of the Lair of Beasts
 12660 | Lair:1   | Reached skill level 1 in Evocations
 12661 | Lair:1   | Reached skill level 2 in Evocations
 12676 | D:11     | Reached skill level 3 in Evocations
 13204 | Lair:1   | Found a blossoming altar of Fedhas.
 13214 | Lair:1   | Noticed an oklob plant
 13343 | Lair:1   | You fall into a shaft and drop 1 floor!
 13388 | Lair:2   | Reached skill level 4 in Evocations
 13502 | Lair:2   | Reached XP level 12. HP: 98/116 MP: 11/11
 13513 | Lair:2   | Reached skill level 5 in Evocations
 13561 | Lair:2   | Reached skill level 6 in Evocations
 13610 | Lair:2   | Noticed Nergalle
 13617 | Lair:2   | Killed Nergalle
 13618 | Lair:2   | Reached skill level 7 in Evocations
 13683 | Lair:2   | Reached skill level 8 in Evocations
 14193 | Lair:2   | Noticed an eight-headed hydra
 14213 | Lair:2   | Reached skill level 9 in Evocations
 14257 | Lair:2   | Killed an eight-headed hydra
 14258 | Lair:2   | Reached skill level 10 in Evocations
 14505 | Lair:2   | Reached **** piety under Makhleb
 14506 | Lair:2   | Reached skill level 1 in Invocations
 14527 | Lair:3   | Noticed a four-headed hydra
 14538 | Lair:2   | Killed a four-headed hydra
 14583 | Lair:2   | Reached skill level 5 in Invocations
 14978 | Lair:3   | Found a staircase to the Snake Pit.
 15261 | Lair:3   | Reached XP level 13. HP: 77/123 MP: 19/19
 16148 | Lair:4   | Reached ***** piety under Makhleb
 17153 | Lair:4   | Found a staircase to the Swamp.
 18136 | Lair:5   | Found a staircase to the Slime Pits.
 18951 | Lair:5   | Gained mutation: You resist negative energy. (rN+) [Deep
                  | Dwarf growth]
 18951 | Lair:5   | Reached XP level 14. HP: 138/138 MP: 20/20
 19217 | Lair:6   | Entered Level 6 of the Lair of Beasts
 19699 | Lair:6   | Identified the Almanac of Intoxication
 20061 | Lair:6   | Found a runed translucent door.
 22012 | D:12     | Got a dazzling long sword
 22013 | D:12     | Identified the cursed +3 long sword "Dwarf's Death" {venom,
                  | rF++ Dex+4 Stlth+} (You found it on level 12 of the
                  | Dungeon)
 22358 | D:12     | Reached XP level 15. HP: 118/152 MP: 20/20
 22427 | D:12     | Found a runed translucent door.
 23023 | Orc:1    | Entered Level 1 of the Orcish Mines
 23109 | Orc:1    | Found Jidaj's Weapon Emporium.
 23357 | Orc:1    | Noticed an orc warlord
 23381 | Orc:1    | Killed an orc warlord
 23627 | Orc:2    | Entered Level 2 of the Orcish Mines
 23627 | Orc:2    | Found a gate leading to a gauntlet.
 23630 | Gauntlet | Entered a Gauntlet
 23630 | Gauntlet | Found a transporter.
 23637 | Gauntlet | Found a transporter.
 23639 | Gauntlet | Found a transporter.
 23659 | Gauntlet | Found a transporter.
 23662 | Gauntlet | Found a transporter.
 23678 | Gauntlet | Found a transporter.
 23685 | Gauntlet | Found a transporter.
 23687 | Gauntlet | Identified the ring "Xeidotwo" {rF+ rN+ Str+6 Int+2}
 23695 | Gauntlet | Found a transporter.
 23699 | Gauntlet | Found a transporter.
 23702 | Gauntlet | Found a transporter.
 23722 | Gauntlet | Found a transporter.
 23725 | Gauntlet | Found a transporter.
 23747 | Gauntlet | Found a transporter.
 23764 | Gauntlet | Found a transporter.
 23916 | Orc:2    | Found a staircase to the Elven Halls.
 24467 | Orc:2    | Found Wuron's Antique Weapon Boutique.
 24467 | Orc:2    | Found Dyubiroa's Antique Weapon Shoppe.
 24788 | Orc:2    | Reached skill level 10 in Crossbows
 24815 | Orc:2    | Found a roughly hewn altar of Beogh.
 24822 | Orc:2    | Found Jecoc's Gadget Boutique.
 24822 | Orc:2    | Found Ocwan's Distillery.
 24827 | Orc:2    | Bought a condenser vane for 560 gold pieces
 24827 | Orc:2    | Bought a wand of iceblast (8) for 168 gold pieces
 24842 | Orc:2    | Bought a potion of heal wounds for 65 gold pieces
 24842 | Orc:2    | Bought a potion of heal wounds for 65 gold pieces
 24842 | Orc:2    | Bought a potion of heal wounds for 65 gold pieces
 24842 | Orc:2    | Bought a potion of berserk rage for 65 gold pieces
 24842 | Orc:2    | Bought a potion of berserk rage for 65 gold pieces
 24842 | Orc:2    | Bought a potion of cancellation for 104 gold pieces
 24842 | Orc:2    | Bought 2 potions of flight for 78 gold pieces
 24842 | Orc:2    | Bought a potion of brilliance for 52 gold pieces
 24842 | Orc:2    | Bought a potion of brilliance for 52 gold pieces
 24844 | Orc:2    | Bought a potion of degeneration for 13 gold pieces
 25137 | Orc:1    | Found Joude Gumy's Weapon Shoppe.
 25184 | Orc:1    | Learned a level 1 spell: Corona
 25187 | Orc:1    | Learned a level 2 spell: Wereblood
 25191 | Orc:1    | Learned a level 3 spell: Dazzling Flash
 25368 | Orc:2    | Bought a glowing morningstar for 133 gold pieces
 25417 | Orc:2    | Bought a wand of paralysis (5) for 98 gold pieces
 25417 | Orc:2    | Bought a wand of flame (4) for 42 gold pieces
 25417 | Orc:2    | Bought a wand of polymorph (6) for 112 gold pieces
 25417 | Orc:2    | Bought a wand of paralysis (7) for 126 gold pieces
 25417 | Orc:2    | Bought a wand of flame (16) for 126 gold pieces
 25417 | Orc:2    | Bought a wand of digging (3) for 196 gold pieces
 25417 | Orc:2    | Bought a wand of flame (21) for 161 gold pieces
 25417 | Orc:2    | Bought a wand of flame (25) for 189 gold pieces
 25797 | D:13     | Reached skill level 11 in Evocations
 26096 | D:13     | Found a gate to the Vaults.
 26152 | D:13     | Found Duyst's Antique Weapon Boutique.
 26324 | D:13     | Reached skill level 12 in Evocations
 27160 | D:14     | Reached skill level 13 in Evocations
 27492 | D:14     | Found a portal to a secret trove of treasure.
 27675 | D:15     | Entered Level 15 of the Dungeon
 27947 | D:15     | Reached ****** piety under Makhleb
 27950 | D:15     | Noticed Azrael
 27999 | D:15     | Killed Azrael
 28000 | D:15     | Reached skill level 14 in Evocations
 28338 | D:15     | Found a staircase to the Depths.
 28361 | D:15     | Reached skill level 10 in Armour
 28926 | Swamp:1  | Entered Level 1 of the Swamp
 29368 | Swamp:1  | Noticed a fenstrider witch
 29385 | Swamp:1  | Killed a fenstrider witch
 29386 | Swamp:1  | Reached XP level 16. HP: 160/160 MP: 20/20
 30742 | Swamp:2  | Paralysed by a hornet for 1 turns
 30754 | Swamp:2  | Paralysed by a hornet for 2 turns
 32158 | Swamp:3  | Reached skill level 10 in Dodging
 32190 | Swamp:3  | Noticed Bai Suzhen
 32191 | Swamp:3  | Noticed Kirke
 32196 | Swamp:3  | Noticed a sphinx
 32880 | Swamp:3  | Killed Kirke
 32923 | Swamp:3  | Killed Bai Suzhen
 33542 | Snake:1  | Entered Level 1 of the Snake Pit
 33865 | Snake:1  | Reached skill level 5 in Axes
 34459 | Snake:1  | Found Myduo's Gadget Boutique.
 34459 | Snake:1  | Found Xemim's General Store.
 34467 | Snake:1  | Bought a phantom mirror for 480 gold pieces
 34473 | Snake:1  | Bought a scroll of teleportation for 42 gold pieces
 34473 | Snake:1  | Bought a potion of berserk rage for 70 gold pieces
 34527 | Snake:1  | Identified a scroll of acquirement
 34528 | Snake:1  | Acquired the ring of Traps {rN+ Slay+3 SInv}
 34714 | Snake:2  | Reached XP level 17. HP: 137/168 MP: 19/19
 35168 | Snake:2  | Found a frozen archway.
 35254 | Snake:2  | Reached skill level 10 in Axes
 35440 | Snake:2  | Found Cayduxuj's Gadget Shop.
 35441 | Snake:2  | Found Wausocs's Jewellery Shoppe.
 35442 | Snake:2  | Found Peschav's Gadget Shop.
 35448 | Snake:2  | Bought a wand of enslavement (6) for 160 gold pieces
 36106 | Snake:2  | Noticed Umauzatz's ghost (adept FoFi)
 36172 | Snake:2  | Found a transporter.
 36188 | Snake:2  | Found a transporter.
 36520 | Snake:3  | Gained mutation: Your magical capacity is low. (-10% MP) [a
                  | shining eye]
 36526 | Snake:3  | Gained mutation: Your flesh is heat resistant. (rF+) [a
                  | shining eye]
 37214 | Snake:4  | Entered Level 4 of the Snake Pit
 37423 | Snake:4  | Identified the +6 triple crossbow "Pendulum" {vorpal,
                  | +Blink rN+++ MR- Int-3} (You found it on level 4 of the
                  | Snake Pit)
 37453 | Snake:4  | Noticed Aizul
 37475 | Snake:4  | Killed Aizul
 37946 | Snake:4  | Gained mutation: You passively map a large area around you.
                  | [Deep Dwarf growth]
 37946 | Snake:4  | Reached XP level 18. HP: 129/177 MP: 17/17
 38185 | Snake:4  | Reached skill level 10 in Invocations
 38379 | Snake:4  | Got a serpentine rune of Zot
 38510 | Snake:4  | Noticed Roxanne
 38528 | Snake:4  | Killed Roxanne
 38937 | Swamp:4  | Entered Level 4 of the Swamp
 39007 | Swamp:4  | Got a decaying rune of Zot
 39440 | Swamp:4  | Reached skill level 15 in Invocations
 39462 | Swamp:4  | Identified the cursed -4 cloak "Sevet" {Dex+3} (You found
                  | it on level 4 of the Swamp)
 39960 | Snake:1  | Bought 3 potions of heal wounds for 210 gold pieces
 40117 | Vaults:1 | Entered Level 1 of the Vaults
 40535 | Vaults:1 | Found a magical portal.
 40543 | WizLab   | Entered Zonguldrok's Shrine
 40776 | WizLab   | Noticed an antique lich
 40799 | WizLab   | Killed an antique lich
 40811 | WizLab   | Acquired a +2 pair of gloves of archery
 40845 | WizLab   | Found the +9 sword of Zonguldrok {reap}
 40916 | Vaults:1 | Found Qoserylef's Jewellery Boutique.
 41192 | Vaults:1 | Reached XP level 19. HP: 184/184 MP: 23/23
 41551 | Vaults:1 | Found Siucir's Weapon Shop.
 41824 | Vaults:1 | Reached skill level 15 in Fighting
 43247 | Vaults:2 | Found a staircase to the Crypt.
 43356 | Vaults:2 | Reached XP level 20. HP: 144/195 MP: 23/23
 43483 | Vaults:2 | Reached skill level 15 in Evocations
 43761 | Vaults:2 | Found Qiempoup's Antique Weapon Boutique.
 43865 | Vaults:2 | Reached skill level 16 in Evocations
 44399 | Vaults:2 | Reached skill level 17 in Evocations
 45737 | Vaults:3 | Reached skill level 18 in Evocations
 45819 | Vaults:3 | Found Mudghooh's Antique Weapon Shoppe.
 46274 | Vaults:3 | Identified the +2 helmet "Alal" {rPois} (You found it on
                  | level 3 of the Vaults)
 47006 | Vaults:4 | Noticed Mennas
 47022 | Vaults:4 | Killed Mennas
 47240 | Vaults:4 | Reached skill level 15 in Crossbows
 47753 | Vaults:4 | Reached XP level 21. HP: 194/202 MP: 25/25
 48113 | Vaults:4 | Found a runed translucent gate.
 48114 | Vaults:4 | Found a runed translucent gate.
 48114 | Vaults:4 | Found a runed translucent gate.
 48136 | Vaults:4 | Noticed SlowGraham's ghost (legendary KoMo)
 48402 | Vaults:4 | Found Litar's Distillery.
 49427 | Elf:1    | Entered Level 1 of the Elven Halls
 50556 | Elf:2    | Found a runed translucent gate.
 50563 | Elf:2    | Found a runed translucent gate.
 50722 | Elf:2    | Found a runed translucent gate.
 51118 | Elf:3    | Entered Level 3 of the Elven Halls
 51137 | Elf:3    | Reached skill level 15 in Axes
 52062 | Elf:3    | Reached XP level 22. HP: 211/211 MP: 26/26
 52355 | Elf:3    | Identified the +10 great sword of Insufficient Pleasure
                  | {vorpal, Fragile rPois rF+++ MR-}
 52474 | Elf:3    | Identified the +1 war axe "Ymineg" {flame, Str+3}
 52623 | Elf:3    | Identified the Collected Works on the Aerial Entourage
 52645 | Elf:3    | Identified the cursed +0 broad axe of the Wizarding Eel
                  | {vorpal, +Inv MP+9} (You found it on level 3 of the Elven
                  | Halls)
 52647 | Elf:3    | Identified the +6 hand crossbow of Annoyance {elec, rF-
                  | Int+8 Dex+3} (You found it on level 3 of the Elven Halls)
 52651 | Elf:3    | Identified the Catalogue of the Flying Escort
 52654 | Elf:3    | Identified the +2 helmet "Dedgha" {rElec Dex+2} (You found
                  | it on level 3 of the Elven Halls)
 52671 | Elf:3    | Got a pair of scorched boots
 52682 | Elf:3    | Identified the cursed +0 pair of boots of Ejathrocw {rElec
                  | Str-5 Int+2} (You found it on level 3 of the Elven Halls)
 53011 | Depths:1 | Entered Level 1 of the Depths
 54263 | Depths:1 | Found Kiaf's Antique Armour Emporium.
 54283 | Depths:1 | Found Nolanaudu's Assorted Antiques.
 54296 | Depths:1 | Found Wapoicre's Weapon Emporium.
 54301 | Depths:1 | Bought a pair of steaming gloves for 408 gold pieces
 54313 | Depths:1 | Identified the +2 pair of gloves "Wosul" {Dex+4} (You
                  | bought it in a shop on level 1 of the Depths)
 54330 | Depths:1 | Bought an embroidered hat for 301 gold pieces
 54668 | Depths:1 | Found a runed translucent door.
 55197 | Depths:1 | Found a gateway to Hell.
 55759 | Depths:2 | Found a gateway to a ziggurat.
 56789 | Depths:3 | Noticed a golden dragon
 56789 | Depths:3 | a shadow dragon changed into a golden dragon
 56791 | Depths:3 | a golden dragon changed into a fenstrider witch
 57997 | Depths:3 | Found a one-way gate leading to the halls of Pandemonium.
 58028 | Depths:3 | Reached XP level 23. HP: 218/222 MP: 27/27
 58052 | Depths:3 | Reached skill level 15 in Armour
 58166 | Depths:3 | Found the cursed +14 obsidian axe {vorpal, +Fly SInv
                  | *Curse}
 58181 | Depths:3 | Identified the cursed +1 plate armour "Ogyso" {rElec} (You
                  | found it on level 3 of the Depths)
 58301 | Depths:3 | Found a one-way gate to the infinite horrors of the Abyss.
 58303 | Depths:3 | Found the +6 shillelagh "Devastator" {shatter}
 58526 | Depths:3 | Identified Sif Muna's Papyrus of Destructive Changing
 59735 | Depths:4 | Noticed Saint Roka
 59783 | Depths:4 | Killed Saint Roka
 60074 | Depths:4 | Found a gateway to a bazaar.
 60107 | Depths:4 | Found a stormy altar of Qazlal.
 60130 | Bazaar   | Entered a bazaar
 60137 | Bazaar   | Found Gokorex's Distillery.
 60151 | Bazaar   | Found Ociomosm's Magic Scroll Boutique.
 60165 | Bazaar   | Found Qigugh's Gadget Shop.
 60193 | Bazaar   | Found Geckor's Antique Weapon Shop.
 60222 | Bazaar   | Found Ajoc's Magic Scroll Shop.
 60256 | Bazaar   | Bought a scroll of enchant weapon for 67 gold pieces
 60256 | Bazaar   | Bought a scroll of enchant weapon for 67 gold pieces
 60256 | Bazaar   | Bought a scroll of enchant armour for 67 gold pieces
 60291 | Bazaar   | Bought a transparent great mace for 276 gold pieces
 60298 | Bazaar   | Identified the +1 great mace of Bovvoll {vorpal, rPois
                  | Str+5 SInv} (You bought it in a shop in a bazaar)
 60341 | Bazaar   | Bought a wand of paralysis (13) for 90 gold pieces
 60341 | Bazaar   | Bought a wand of paralysis (10) for 72 gold pieces
 60359 | Bazaar   | Bought a scroll of enchant armour for 112 gold pieces
 60359 | Bazaar   | Bought a scroll of enchant armour for 112 gold pieces
 60359 | Bazaar   | Bought a scroll of summoning for 142 gold pieces
 60359 | Bazaar   | Bought a scroll of teleportation for 45 gold pieces
 60359 | Bazaar   | Bought a scroll of silence for 112 gold pieces
 60379 | Bazaar   | Bought a potion of heal wounds for 40 gold pieces
 60379 | Bazaar   | Bought a potion of invisibility for 64 gold pieces
 60379 | Bazaar   | Bought a potion of curing for 24 gold pieces
 61225 | Snake:2  | Bought an uncursed ring of resist corrosion for 320 gold
                  | pieces
 62005 | Depths:5 | Entered Level 5 of the Depths
 62660 | Depths:5 | Found a gate to the Realm of Zot.
 62934 | Depths:5 | Reached XP level 24. HP: 177/231 MP: 27/27
 62993 | Depths:5 | Noticed a juggernaut
 63004 | Depths:5 | Killed a juggernaut
 63810 | Crypt:1  | Entered Level 1 of the Crypt
 64039 | Crypt:1  | Found a transporter.
 64277 | Crypt:1  | Found a transporter.
 64450 | Crypt:2  | Identified the cursed +1 chain mail "Jeani" {rPois rC+}
                  | (You found it on level 2 of the Crypt)
 64766 | Crypt:2  | Noticed Boris
 64777 | Crypt:2  | Killed Boris
 65258 | Crypt:3  | Entered Level 3 of the Crypt
 66310 | Crypt:3  | Reached skill level 19 in Evocations
 66310 | Crypt:3  | Noticed an ancient lich
 66312 | Crypt:3  | Killed an ancient lich
 66339 | Crypt:3  | Identified the cursed +1 ring mail of Lujaxt {*Drain MR+
                  | Regen+ Dex+8} (You found it on level 3 of the Crypt)
 66433 | Crypt:3  | Got a jewelled hand crossbow
 66434 | Crypt:3  | Identified the cursed +2 hand crossbow of Fedhas's Anger
                  | {venom, *Contam Str+5 Dex+8} (You found it on level 3 of
                  | the Crypt)
 66801 | Crypt:3  | Identified Borgnjor's Grimoire of Unholy Secrets
 66942 | Crypt:3  | Found a staircase to the Tomb.
 67066 | Vaults:1 | Bought the ring of Dodopp {rPois rC+ Str+7} for 814 gold
                  | pieces
 67077 | Vaults:1 | Learned a level 1 spell: Animate Skeleton
 67079 | Vaults:1 | Learned a level 1 spell: Apportation
 67082 | Vaults:1 | Learned a level 2 spell: Blink
 67322 | Snake:2  | Killed Umauzatz's ghost
 67325 | Snake:2  | Got a brightly glowing turquoise ring
 67328 | Snake:2  | Reached skill level 5 in Necromancy
 67328 | Snake:2  | Reached XP level 25. HP: 235/241 MP: 27/27
 67360 | Snake:2  | Learned a level 3 spell: Vampiric Draining
 67365 | Snake:2  | Learned a level 4 spell: Animate Dead
 67379 | Snake:2  | Identified the ring of Pride {*Corrode rElec rN++ Str+2
                  | Stlth-} (You found it on level 2 of the Snake Pit)
 68100 | Slime:1  | Entered Level 1 of the Pits of Slime
 69016 | Slime:2  | Reached XP level 26. HP: 218/250 MP: 27/27
 69058 | Slime:2  | Reached skill level 20 in Evocations
 69644 | Slime:5  | Entered Level 5 of the Pits of Slime
 69929 | Slime:5  | Noticed the Royal Jelly
 69936 | Slime:5  | Killed the Royal Jelly
 70070 | Slime:5  | Got a slimy rune of Zot
 70122 | Slime:5  | Identified the Papyrus of Lethal Hexes
 70126 | Slime:5  | Identified the ring "Yvoclos" {rPois rF+ rCorr Int+4} (You
                  | found it on level 5 of the Pits of Slime)
 70189 | Slime:5  | Identified the +3 chain mail "Jouxzearph" {-Cast Str-4
                  | Int+7 Dex+2} (You found it on level 5 of the Pits of Slime)
 70905 | Orc:2    | Bought a potion of mutation for 104 gold pieces
 71132 | Depths:1 | Bought 2 potions of mutation for 688 gold pieces
 71186 | Depths:1 | Reached skill level 21 in Evocations
 72043 | Vaults:4 | Killed SlowGraham's ghost
 72316 | Vaults:4 | Got a pair of translucent boots
 72327 | Vaults:4 | Identified the +0 pair of boots of Kleptomania {Dex+3} (You
                  | found it on level 4 of the Vaults)
 72570 | Depths:1 | Bought a scroll of teleportation for 129 gold pieces
 73006 | Vaults:5 | Entered Level 5 of the Vaults
 73022 | Vaults:5 | Noticed Mara
 73023 | Vaults:5 | Noticed an ancient lich
 73026 | Vaults:5 | Reached skill level 22 in Evocations
 73045 | Vaults:4 | Killed an ancient lich
 73051 | Vaults:4 | Killed Mara
 73052 | Vaults:4 | Reached skill level 10 in Necromancy
 73557 | Vaults:5 | Reached skill level 1 in Spellcasting
 73597 | Vaults:5 | Noticed Frederick
 73610 | Vaults:5 | Killed Frederick
 73803 | Vaults:5 | Reached skill level 5 in Spellcasting
 73808 | Vaults:5 | Reached XP level 27. HP: 260/260 MP: 26/26
 74089 | Vaults:5 | Identified the cursed +2 mace "Cianar" {protect, rPois}
 74162 | Vaults:5 | Identified the +10 morningstar of Immorality {freeze,
                  | *Drain +Inv rPois Stlth+}
 74418 | Vaults:5 | Identified the cursed +1 battleaxe of Day {antimagic,
                  | rElec}
 74762 | Vaults:5 | Identified the amulet of Pride {Acrobat Dex+9}
 74878 | Vaults:5 | Identified the cursed +0 scale mail of Icynwy {*Drain *Slow
                  | Dex+6 Stlth+} (You found it on level 5 of the Vaults)
 75433 | Vaults:5 | Got a silver rune of Zot
 75746 | Zig:1    | Entered Level 1 of a ziggurat
 75786 | Zig:1    | Identified the +9 mace "Kooxzanegu" {flame, rElec rF-
                  | Dex+2} (You found it on level 1 of a ziggurat)
 75789 | Zig:2    | Entered Level 2 of a ziggurat
 75831 | Zig:3    | Entered Level 3 of a ziggurat
 75973 | Zig:3    | Identified the +6 hunting sling of Quick Death {speed,
                  | rPois MR+ Int+2} (You found it on level 3 of a ziggurat)
 75978 | Zig:4    | Entered Level 4 of a ziggurat
 76239 | Zig:4    | Learned a level 3 spell: Portal Projectile
 76246 | Zig:5    | Entered Level 5 of a ziggurat
 76256 | Zig:5    | Reached skill level 1 in Hexes
 76551 | Zig:5    | Identified the ring "Usemn" {Fire MR+ Int+4} (You found it
                  | on level 5 of a ziggurat)
 76590 | Zig:6    | Entered Level 6 of a ziggurat
 76650 | Zig:7    | Entered Level 7 of a ziggurat
 76658 | Zig:7    | Noticed Alaett the pandemonium lord
 76891 | Depths:2 | Killed Alaett the pandemonium lord
 76911 | Depths:2 | Reached skill level 5 in Hexes
 77183 | Zot:1    | Entered Level 1 of the Realm of Zot
 77183 | Zot:1    | Noticed a juggernaut
 77441 | Zot:1    | Killed a juggernaut
 77674 | Zot:1    | Reached skill level 15 in Maces & Flails
 78595 | Zot:1    | Identified the cursed ring "Liexte Catza" {rElec MR- MP+9
                  | Int-4 SInv} (You found it on level 1 of the Realm of Zot)
 79400 | Zot:2    | Found a runed translucent door.
 79400 | Zot:2    | Noticed Ziafacos's ghost (legendary GnFE)
 79561 | Zot:2    | Reached skill level 23 in Evocations
 82432 | Zot:4    | Reached skill level 24 in Evocations
 82700 | Zot:4    | Reached skill level 10 in Translocations
 83094 | Zot:4    | Identified the +4 dragonskin cloak
 83094 | Zot:4    | Noticed Tiamat
 83799 | Vaults:4 | Bought a potion of curing for 57 gold pieces
 83799 | Vaults:4 | Bought a potion of heal wounds for 95 gold pieces
 83799 | Vaults:4 | Bought a potion of heal wounds for 95 gold pieces
 83799 | Vaults:4 | Bought a potion of heal wounds for 95 gold pieces
 83799 | Vaults:4 | Bought a potion of mutation for 152 gold pieces
 83799 | Vaults:4 | Bought a potion of cancellation for 152 gold pieces
 83799 | Vaults:4 | Bought a potion of brilliance for 76 gold pieces
 83799 | Vaults:4 | Bought a potion of curing for 57 gold pieces
 83799 | Vaults:4 | Bought a potion of flight for 57 gold pieces
 83799 | Vaults:4 | Bought a potion of curing for 57 gold pieces
 83990 | Orc:2    | Bought a wand of digging (4) for 224 gold pieces
 84170 | Snake:1  | Bought a wand of acid (7) for 264 gold pieces
 84170 | Snake:1  | Bought a wand of iceblast (13) for 204 gold pieces
 84170 | Snake:1  | Bought a wand of disintegration (19) for 276 gold pieces
 84233 | Snake:2  | Bought a wand of iceblast (5) for 135 gold pieces
 84233 | Snake:2  | Bought a wand of paralysis (5) for 105 gold pieces
 84233 | Snake:2  | Bought a wand of acid (9) for 390 gold pieces
 84233 | Snake:2  | Bought a wand of iceblast (11) for 225 gold pieces
 84233 | Snake:2  | Bought a wand of paralysis (10) for 180 gold pieces
 84237 | Snake:2  | Bought a wand of digging (6) for 400 gold pieces
 84576 | Zot:5    | Entered Level 5 of the Realm of Zot
 84703 | Hell     | Entered the Vestibule of Hell
 84703 | Hell     | Noticed Geryon
 84755 | Hell     | Killed Geryon
 84849 | Hell     | Noticed Murray
 84893 | Hell     | Killed Murray
 84925 | Hell     | Reached skill level 25 in Evocations
 85370 | Hell     | Found a gateway to the Iron City of Dis.
 85441 | Hell     | Found a gateway to the ashen valley of Gehenna.
 85605 | Hell     | Found a gateway to the decaying netherworld of Tartarus.
 85670 | Hell     | Found a gateway to the freezing wastes of Cocytus.
 85924 | Zot:5    | Noticed an ancient lich
 86006 | Zot:5    | Reached skill level 1 in Transmutations
 86537 | Zot:5    | Found a transporter.
 86539 | Zot:5    | Noticed ardl's ghost (legendary BaIE)
 86541 | Zot:5    | Found a transporter.
 86722 | Zot:5    | Noticed an ancient lich
 86735 | Zot:5    | Killed an ancient lich
 86864 | Zot:5    | Noticed an ancient lich
 86873 | Zot:5    | Killed an ancient lich
 86913 | Zot:5    | Noticed an ancient lich
 86920 | Zot:5    | Killed an ancient lich
 87108 | Zot:5    | Noticed an orb of fire
 87114 | Zot:5    | Gained mutation: You are frail. (-10% HP) [an orb of fire]
 87115 | Zot:5    | Gained mutation: You tend to lose your temper in combat.
                  | [an orb of fire]
 87329 | Zot:5    | Lost mutation: You tend to lose your temper in combat.
                  | [potion of mutation]
 87329 | Zot:5    | Lost mutation: Your flesh is heat resistant. (rF+) [potion
                  | of mutation]
 87329 | Zot:5    | Lost mutation: Your magical capacity is low. (-10% MP)
                  | [potion of mutation]
 87329 | Zot:5    | Lost mutation: You are frail. (-10% HP) [potion of
                  | mutation]
 87329 | Zot:5    | Gained mutation: You have large cloven feet. [potion of
                  | mutation]
 87329 | Zot:5    | Gained mutation: You are agile. (Dex +2) [potion of
                  | mutation]
 87394 | Zot:5    | Killed an ancient lich
 87449 | Zot:5    | Noticed an orb of fire
 87454 | Zot:5    | Gained mutation: Your magical capacity is low. (-10% MP)
                  | [an orb of fire]
 87454 | Zot:5    | Gained mutation: You are dopey. (Int -2) [an orb of fire]
 87457 | Zot:5    | Gained mutation: You are frail. (-10% HP) [an orb of fire]
 87458 | Zot:5    | Noticed an orb of fire
 87467 | Zot:5    | Gained mutation: You are very dopey. (Int -4) [an orb of
                  | fire]
 87475 | Zot:5    | Gained mutation: You are occasionally teleported next to
                  | monsters. [an orb of fire]
 87481 | Zot:5    | Killed an orb of fire
 87504 | Zot:5    | Gained mutation: Your body sometimes deteriorates upon
                  | taking damage. [an orb of fire]
 87505 | Zot:5    | Lost mutation: You are agile. (Dex +2) [an orb of fire]
 87511 | Zot:5    | Gained mutation: Scrolls take you a little longer to read.
                  | [an orb of fire]
 87518 | Zot:5    | Noticed an ancient lich
 87518 | Zot:5    | Gained mutation: Your magical capacity is very low. (-20%
                  | MP) [an orb of fire]
 87524 | Zot:5    | Noticed an ancient lich
 87526 | Zot:5    | Killed an orb of fire
 87545 | Zot:5    | Killed an ancient lich
 87551 | Zot:5    | Lost mutation: Your body sometimes deteriorates upon taking
                  | damage. [potion of mutation]
 87551 | Zot:5    | Lost mutation: You are frail. (-10% HP) [potion of
                  | mutation]
 87551 | Zot:5    | Lost mutation: You are very dopey. (Int -4) [potion of
                  | mutation]
 87551 | Zot:5    | Lost mutation: Scrolls take you a little longer to read.
                  | [potion of mutation]
 87551 | Zot:5    | Gained mutation: Scrolls take you a little longer to read.
                  | [potion of mutation]
 87552 | Zot:5    | Lost mutation: You are dopey. (Int -2) [potion of mutation]
 87552 | Zot:5    | Lost mutation: Scrolls take you a little longer to read.
                  | [potion of mutation]
 87552 | Zot:5    | Lost mutation: You have large cloven feet. [potion of
                  | mutation]
 87552 | Zot:5    | Gained mutation: You are resistant to hostile enchantments.
                  | (MR+) [potion of mutation]
 87553 | Zot:5    | Lost mutation: You are occasionally teleported next to
                  | monsters. [potion of mutation]
 87553 | Zot:5    | Lost mutation: You are resistant to hostile enchantments.
                  | (MR+) [potion of mutation]
 87553 | Zot:5    | Lost mutation: Your magical capacity is very low. (-20% MP)
                  | [potion of mutation]
 87553 | Zot:5    | Lost mutation: Your magical capacity is low. (-10% MP)
                  | [potion of mutation]
 87553 | Zot:5    | Gained mutation: You have a pair of small antennae on your
                  | head. [potion of mutation]
 87553 | Zot:5    | Gained mutation: You have sharp fingernails. [potion of
                  | mutation]
 87639 | Zot:5    | Noticed an orb of fire
 87651 | Zot:5    | Noticed an ancient lich
 88090 | Zot:4    | Killed Tiamat
 88655 | Zot:5    | Gained mutation: Your body sometimes deteriorates upon
                  | taking damage. [an orb of fire]
 88666 | Zot:5    | Gained mutation: Your spells are a little easier to cast,
                  | but a little less powerful. [an orb of fire]
 88679 | Zot:5    | Killed from afar by an orb of fire

Illustrated notes

Levels and vault maps discovered:
D:1:      minmay_arrival_doors, layout_basic, minmay_distorted
D:2:      layout_basic, nicolae_dithmenos_through_a_glass_darkly, uniq_terence
D:3:      layout_basic, kennysheep_generic_room_6, uniq_purgy
D:4:      layout_layer_cave, nicolae_overflow_crystal_walls, uniq_robin,
          uniq_duvessa, uniq_grinder, uniq_blork_the_orc
D:5:      layout_gridville
D:6:      layout_basic
D:7:      layout_rooms, minmay_temple_entry_fiery, zaba_anthole,
          kennysheep_generic_room_2, uniq_pikel, uniq_maggie, uniq_harold
D:8:      layout_basic
D:9:      layout_rooms, doesnt_xom_only_xom
D:10:     layout_cave_pods
D:11:     layout_irregular_city, david_lair_generic, orc_0_dummy, serial_rivers,
          chequers_serial_rivers_small_a, chequers_serial_rivers_marsh,
          chequers_serial_rivers_micro_e, chequers_serial_rivers_small_b,
          chequers_serial_rivers_micro_d
D:12:     mludivico_vault, layout_cave_pools
D:13:     layout_basic, hangedman_vaults_entry_quadrant_bands, serial_shops,
          nicolae_shop_behind_doors
D:14:     layout_roguey, enter_trove_5, nicolae_wwwww
D:15:     hangedman_depths_entry_try_elsewhere_first, layout_irregular_city,
          uniq_azrael
Temple:   kilobyte_greek_temple
Lair:1:   layout_loops_ring, tgw_fedhas
Lair:2:   layout_roguey, serial_bayou, serial_bayou_lagoon_a,
          serial_bayou_shore_b, serial_bayou_pond_c, serial_bayou_crossing,
          serial_bayou_pond_c, eino_small_chamber_without_monster, uniq_nergalle
Lair:3:   regret_index_bee_streams, layout_gridlike,
          guppyfry_snake_entry_island, beast_lair_carwin_5
Lair:4:   wad_woods_structure_01, layout_cave_shapes,
          nicolae_swamp_entry_splash_gauntlet, chequers_serial_rivers_micro_e
Lair:5:   layout_concentric_octagons, minmay_slime_entry_jelly_boxes,
          minmay_shattered_shrine, serial_bayou_shore_b
Lair:6:   hangedman_lair_caniforms_friends, layout_regular_city, wormcave
Swamp:1:  layout_falls_marsh, hangedman_swamp_cone, swamp_pool5,
          infiniplex_staircase_pool_2
Swamp:2:  layout_basic_swamp, wheals_swamp_sinkhole, infiniplex_staircase_pool
Swamp:3:  layout_basic_swamp, nicolae_swamp_fairy_circle, hangedman_swamp_pad,
          swamp_pool3, uniq_kirke, uniq_bai_suzhen
Swamp:4:  swamp, layout_basic_swamp
Snake:1:  layout_rooms, st_stairs_7, grunt_megastairs_2, minmay_shoptagon,
          lemuel_fruit_tree
Snake:2:  layout_layer_cave, portal_ice_cave_entry_pillars_three,
          gammafunk_ghost_berserking_beasts, drop_trap, minmay_shop_grove
Snake:3:  layout_rooms
Snake:4:  grunt_snake_rune_serpentine_throne, layout_misc_corridors, drop_trap,
          grunt_megastairs_4, uniq_aizul, uniq_roxanne
Slime:1:  layout_caves
Slime:2:  layout_caves
Slime:3:  layout_caves
Slime:4:  layout_caves
Slime:5
Orc:1:    layout_caves, serial_shops, nicolae_shop_waterfront, shop,
          minmay_orc_barracks
Orc:2:    st_orc_town, layout_diamond_mine, gauntlet_entry_generic
Elf:1:    layout_loops_corners, minivault_28, roderic_three_in_a_row
Elf:2:    layout_gridlike, serial_aquarium, aquarium_bridge_square
          [aquarium_subvault_bridge, aquarium_subvault_bridge,
          aquarium_subvault_balcony, aquarium_subvault_bridge],
          aquarium_window_3, aquarium_window_fake, aquarium_window_1,
          aquarium_view_2d, aquarium_view_2e, aquarium_balcony_double_4,
          special_room [special_room_mythical_zoo]
Elf:3:    minmay_elf_hall_curves, layout_geoelf_octagon, hex_medium
Vaults:1: v_misc_11, ontoclasm_vaults_decontamination, v_alt_pattern_5,
          hangedman_vaults_nodes, nicolae_vaults_windows_and_doors_thing,
          hangedman_vaults_unwind, ontoclasm_vaults_pinch,
          nicolae_vaults_c_with_doors, v_misc_25, v_misc_2,
          ontoclasm_vaults_gateway, grunt_vaults_hallway_short,
          grunt_vaults_hallway_long, layout_vaults_ring, mu_enter_wizlab_6,
          serial_shops, shop, shop
Vaults:2: dpeg_vaults_monster_row, minmay_crypt_entry_simple_box,
          vaults_room_fours, ontoclasm_vaults_idyll, nicolae_vaults_triangles,
          vaults_room_pool, nicolae_vaults_network_periphery, vaults_room_fours,
          grunt_vaults_hallway_short, vaults_room_grunt_arrival_ludios,
          nicolae_vaults_asterisk, nicolae_vaults_shelves_hall,
          layout_vaults_omnigrid, serial_shops, shop
Vaults:3: v_alt_pattern_2, nicolae_vaults_circle_grid_a,
          nicolae_vaults_hallways_thing, nicolae_vaults_twisting_passages,
          vaults_mumra_minichess, v_pattern_3, nicolae_vaults_little_squares_2,
          ontoclasm_vaults_ring_large, v_misc_8, nicolae_vaults_circle_grid_a,
          nicolae_vaults_little_squares_3, layout_vaults_maze, serial_shops,
          nicolae_shop_trees
Vaults:4: gammafunk_vaults_ghost_tricky_traps, v_misc_16,
          ontoclasm_vaults_claustrophobia, v_alt_pattern_2,
          nicolae_vaults_little_ls, nicolae_vaults_mini_display_case,
          vaults_standard_mumra_x, layout_vaults_big_cross, serial_shops, shop,
          uniq_mennas
Vaults:5: uniq_frederick, uniq_mara
Crypt:1:  gammafunk_dig_for_victory, layout_catacombs
Crypt:2:  layout_gridlike, st_stairs_14, uniq_boris
Crypt:3:  due_elkab, layout_chaotic_city, nicolae_tomb_entry_rubble_hallway
Depths:1: layout_honeycomb, grunt_hell_entry_dis_grunt,
          hangedman_abyss_or_decor_jellyfish_corner, moated_statue,
          lightli_giant_bouncers, minmay_shop_star
Depths:2: dpeg_oklob_gauntlet, layout_basic, enter_ziggurat_b,
          hangedman_tar_grid_catacomb, infiniplex_staircase_trident
Depths:3: radiant_caverns_b_rkd, serial_shops, abyss_entry, pan_entry,
          hell_entry
Depths:4: minmay_the_grid_octo_tiled_octocenter_mashed
          [minmay_the_grid_octo_vomiting_pacman, minmay_the_grid_octo_focus,
          minmay_the_grid_octo_clover_2, minmay_the_grid_octo_checkerflower,
          minmay_the_grid_octo_prize_ultimate_mussel_roller,
          minmay_the_grid_square_5x5_pentomino_r,
          minmay_the_grid_square_5x5_six_small,
          minmay_the_grid_square_5x5_fancy_junction,
          minmay_the_grid_square_5x5_percent], layout_gridlike, serial_shops,
          bzr_entry_customers, abyss_entry_glasseish,
          hangedman_abyss_or_decor_slice, hell_entry, uniq_saint_roka
Depths:5: grunt_crosshair, layout_gridlike, hell_entry, eino_curves_04,
          pan_entry, kennysheep_random_hallway
Hell
Zot:1:    ebering_greatest_show_in_zot, layout_misc_corridors,
          st_large_dragon_hoard_2
Zot:2:    layout_twisted_circle, ebering_ghost_inner_flame
Zot:3:    kennysheep_blocky_room, layout_basic
Zot:4:    layout_cellular_growth, lemuel_elevator, uniq_tiamat
Zot:5:    layout_cellular_growth, gammafunk_ghost_arena

Skill      XL: |  1  2  3  4  5  6  7  8  9 10 11 12 13 14 15 16 17 18 19 20 21 22 23 24 25 26 27 |
---------------+----------------------------------------------------------------------------------+-----
Maces & Flails | 1 2 3 5 7 9 10 11 13 17 | 17.2
Fighting       | 6 8 10 12 14 15 16 17 18 21 | 21.2
Dodging        | 6 7 10 11 14 | 14.8
Armour         | 7 9 11 13 14 19 20 | 20.0
Crossbows      | 8 10 11 12 14 15 18 | 18.7
Evocations     | 4 10 14 18 19 22 25 | 25.6
Invocations    | 9 16 18 | 18.9
Axes           | 7 13 14 15 18 | 18.9
Necromancy     | 5 10 | 10.2
Spellcasting   | 5 6 |  6.0
Translocations | 10 | 10.4
Hexes          | 9 |  9.8
Transmutations | 3 |  3.7
Shields        | |  3.3

Action                   |  1- 3 |  4- 6 |  7- 9 | 10-12 | 13-15 | 16-18 | 19-21 | 22-24 | 25-27 || total
-------------------------+-------+-------+-------+-------+-------+-------+-------+-------+-------++-------
Melee: War axe           |   109 |    50 |       |       |       |       |       |       |       ||   159
       Whip              |       |    85 |   258 |   146 |       |       |       |       |       ||   489
       Dire flail        |       |       |       |   609 |   964 |   433 |       |       |       ||  2006
       Short sword       |       |       |       |     6 |       |       |       |       |       ||     6
       Long sword        |       |       |       |       |    31 |       |       |       |       ||    31
       Arbalest          |       |       |       |       |     1 |       |       |       |       ||     1
       Battleaxe         |       |       |       |       |       |   303 |   640 |   616 |   675 ||  2234
       Great mace        |       |       |       |       |       |       |       |       |    49 ||    49
 Fire: Arbalest          |       |       |       |    99 |   540 |   514 |   895 |  1206 |  1096 ||  4350
       Triple crossbow   |       |       |       |       |       |     3 |       |       |       ||     3
Throw: Stone             |     6 |       |       |       |    17 |       |       |       |       ||    23
       Boomerang         |       |    39 |     9 |       |       |       |       |       |       ||    48
       Dart              |       |       |    60 |   154 |    41 |       |       |       |       ||   255
       Throwing net      |       |       |       |       |       |     1 |       |       |       ||     1
 Cast: Animate Dead      |       |       |       |       |       |       |       |       |    30 ||    30
       Blink             |       |       |       |       |       |       |       |       |    12 ||    12
       Portal Projectile |       |       |       |       |       |       |       |       |     4 ||     4
       Apportation       |       |       |       |       |       |       |       |       |     2 ||     2
       Wereblood         |       |       |       |       |       |       |       |       |     1 ||     1
Invok: Lesser Servant of |       |       |       |     4 |    62 |    23 |       |       |     7 ||    96
       Major Destruction |       |       |       |       |     6 |     9 |     5 |     1 |     2 ||    23
       Greater Servant o |       |       |       |       |     1 |     9 |     8 |    23 |    43 ||    84
 Abil: Heal Wounds       |       |     1 |     8 |     4 |    11 |     8 |       |     4 |    41 ||    77
Evoke: Wand              |       |       |       |    10 |   123 |    65 |     2 |    11 |    60 ||   271
       Box of beasts     |       |       |       |     2 |     5 |     6 |     5 |     5 |    17 ||    40
       Tin of tremorston |       |       |       |       |     7 |    14 |    11 |    19 |    20 ||    71
       Phial of floods   |       |       |       |       |     4 |     7 |     4 |     6 |    12 ||    33
       Condenser vane    |       |       |       |       |     2 |    12 |     9 |     8 |    22 ||    53
       Lightning rod     |       |       |       |       |       |    37 |    26 |    25 |    39 ||   127
       Phantom mirror    |       |       |       |       |       |     4 |     2 |     3 |    10 ||    19
       Horn of Geryon    |       |       |       |       |       |       |       |       |     5 ||     5
  Use: Scroll            |     3 |     5 |     8 |    10 |    14 |    20 |     5 |    25 |    46 ||   136
       Potion            |     1 |     2 |       |     1 |     6 |     8 |       |    17 |    43 ||    78
 Stab: Distracted        |       |       |       |     2 |     8 |     3 |     2 |     4 |     2 ||    21
       Paralysed         |       |       |       |     2 |    11 |       |       |     3 |    10 ||    26
       Petrified         |       |       |       |       |     1 |       |       |       |       ||     1
       Held in net/web   |       |       |       |       |       |     2 |       |       |       ||     2
       Invisible         |       |       |       |       |       |       |       |     1 |     1 ||     2
Armor: Scale mail        |    37 |       |       |       |       |       |       |       |       ||    37
       Chain mail        |    16 |    88 |    45 |       |       |       |       |       |       ||   149
       Plate armour      |       |       |    22 |   199 |       |       |   356 |   716 |  1283 ||  2576
       Swamp dragon scal |       |       |    13 |   130 |   448 |   490 |   184 |       |       ||  1265
Dodge: Dodged            |    26 |    37 |    37 |   903 |  1329 |  1010 |   835 |   662 |   815 ||  5654
Block: Kite shield       |    58 |    80 |    73 |       |       |       |       |       |       ||   211
       Reflection        |       |       |     5 |     1 |       |       |       |       |       ||     6
       Buckler           |       |       |    51 |    57 |       |       |       |       |       ||   108
       Other             |       |       |       |    10 |       |       |       |       |       ||    10
       Rpst.: Long sword |       |       |       |       |     6 |       |       |       |       ||     6

Table legend: (Time is in decaauts)
 A = Elapsed time spent in this place.
 B = Non-inter-level travel time spent in this place.
 C = Inter-level travel time spent in this place.
 D = Time resting spent in this place.
 E = Time spent auto-exploring this place.
 F = Levels seen in this place.
 G = Mean time per level.
                   A        B        C        D        E       F      G
               +--------+--------+--------+--------+--------+-----+--------+
         Total |  88264 |  78630 |   9634 |  20015 |  34291 |  69 | 1279.2 |
       Dungeon |  20319 |  17604 |   2715 |   4281 |   8546 |  15 | 1354.6 |
        Temple |    159 |    145 |     14 |      0 |    129 |   1 |  159.0 |
          Lair |  10934 |   9279 |   1655 |   2097 |   4187 |   6 | 1822.3 |
         Swamp |   4919 |   4679 |    240 |   1893 |   1704 |   4 | 1229.8 |
     Snake Pit |   5559 |   4975 |    584 |    645 |   2400 |   4 | 1389.8 |
    Slime Pits |   2582 |   2505 |     77 |   1263 |    659 |   5 |  516.4 |
  Orcish Mines |   2588 |   2120 |    468 |    277 |   1090 |   2 | 1294.0 |
   Elven Halls |   3453 |   3299 |    154 |    602 |   1663 |   3 | 1151.0 |
        Vaults |  12554 |  10824 |   1730 |   2301 |   4884 |   5 | 2510.8 |
         Crypt |   3127 |   2962 |    165 |    223 |   1700 |   3 | 1042.3 |
        Depths |   9897 |   8581 |   1316 |   2051 |   3960 |   5 | 1979.4 |
          Hell |   1063 |   1041 |     22 |    144 |    486 |   1 | 1063.0 |
           Zot |   9309 |   8821 |    488 |   3630 |   2721 |   5 | 1861.8 |
      Ziggurat |    927 |    927 |      0 |    605 |     43 |   7 |  132.4 |
        Bazaar |    349 |    349 |      0 |      0 |    112 |   1 |  349.0 |
        Wizlab |    350 |    350 |      0 |      0 |      5 |   1 |  350.0 |
      Gauntlet |    169 |    169 |      0 |      0 |      0 |   1 |  169.0 |
               +--------+--------+--------+--------+--------+-----+--------+

Top non-repeatable levels by time:
Vaults:4: 3498 daAuts
Vaults:1: 2801 daAuts
Vaults:2: 2740 daAuts
    D:15: 2594 daAuts
   Zot:3: 2567 daAuts
Depths:3: 2409 daAuts
  Lair:4: 2377 daAuts
  Lair:6: 2292 daAuts
 Swamp:2: 2229 daAuts
 Snake:2: 2147 daAuts
Depths:1: 2016 daAuts
Depths:2: 2011 daAuts
    D:13: 2006 daAuts
   Zot:5: 1982 daAuts
Vaults:5: 1956 daAuts
